 Dungeon Crawl Stone Soup version 0.19.1 (webtiles) character file.

37065 joejoepie the Cleaver (level 13, -1/159 HPs)
             Began as a Deep Dwarf Fighter on Nov 24, 2016.
             Was a High Priest of Hepliaklqana.
             Slain by an orc warrior
             ... wielding a +0 battleaxe
              (21 damage)
             ... on level 2 of the Orcish Mines.
             The game lasted 02:11:46 (14163 turns).

joejoepie the Cleaver (Deep Dwarf Fighter)         Turns: 14163, Time: 02:11:47

Health: -1/159     AC: 26    Str: 27    XL:     13   Next: 56%
Magic:  0/0        EV:  2    Int: 12    God:    Hepliaklqana [*****.]
Gold:   903        SH: 14    Dex: 14    Spells: 0 memorised, 12 levels left

rFire  . . .     SeeInvis .     r - +2 war axe (chop)
rCold  . . .     Gourm    .     (armour currently unavailable)
rNeg   + + +     Faith    .     c - +2 shield
rPois  +         Spirit   .     (helmet currently unavailable)
rElec  .         Reflect  .     (cloak currently unavailable)
rCorr  .         Harm     .     (gloves currently unavailable)
MR     +++..     Rnd*Rage +     (boots currently unavailable)
Stlth  +++....... NoTele   +    W - amulet of magic regeneration
                                J - ring of protection from magic
                                H - ring of poison resistance

@: mighty, tree-form, non-regenerating, drained
A: damage resistance, recharge devices, reduced essence, berserk 1, blurry
vision 2, clever 1, magic resistance 1, sense surroundings 2, (shaggy fur 0),
slow regeneration 3, subdued magic 1
a: Device Recharging, Recall Ancestor, Ancestor Identity, Transference,
Idealise, Renounce Religion


You were on level 2 of the Orcish Mines.
You worshipped Hepliaklqana.
Hepliaklqana was extremely pleased with you.
You were not hungry.
You were a tree.
You visited 3 branches of the dungeon, and saw 18 of its levels.
You also visited: Ossuary.

You collected 1294 gold pieces.
You spent 391 gold pieces at shops.

Inventory:

Hand Weapons
 a - a +1 war axe
 b - a +0 blowgun
 r - a +2 war axe of chopping (weapon)
 v - a +0 hand crossbow
 A - a +0 hunting sling of freezing
Missiles
 m - 120 sling bullets
 q - 73 poisoned needles
 s - 3 tomahawks of returning (quivered)
 u - 45 bolts
Armour
 c - a +2 shield (worn)
 x - a +2 cloak (melded)
 E - a cursed +0 pair of boots (melded)
 L - the +0 pair of gloves of the Good (melded) {SInv}
   (You found it on level 10 of the Dungeon)

   It lets you see invisible.
 T - a +4 chain mail (melded)
 X - the +2 helmet "Azxun" (melded) {-Tele *Slow rElec MR+++}
   (You found it on level 8 of the Dungeon)

   It insulates you from electricity.
   It affects your resistance to hostile enchantments.
   It prevents most forms of teleportation.
   It may slow you when you take damage.
Jewellery
 i - an uncursed ring of stealth
 j - an uncursed ring of wizardry
 C - an uncursed ring of resist corrosion
 H - a ring of poison resistance (left branch)
 J - a ring of protection from magic (right branch)
 P - an uncursed ring of flight
 W - an amulet of magic regeneration (around neck)
Wands
 e - a wand of heal wounds (0/9)
 k - a wand of enslavement (8/24)
 l - a wand of iceblast (7/15)
 n - a wand of enslavement (5/24)
 p - a wand of digging (13/24)
 D - a wand of lightning (7/15)
 F - a wand of slowing (16/48)
 G - a wand of digging (5/24)
 I - a wand of slowing (16/48)
 R - a wand of heal wounds (0/9)
 V - a wand of lightning (5/15)
Scrolls
 g - 10 scrolls of identify
 y - 9 scrolls of remove curse
 z - 2 scrolls of magic mapping
 B - 7 scrolls of teleportation
Potions
 d - a potion of might
 h - a potion of resistance
 M - a potion of lignification
 Q - a potion of curing
 S - 2 potions of flight
 Z - 3 potions of brilliance
Books
 K - a book of Death

   Spells                             Type                      Level
   a - Corpse Rot                     Necromancy                   2
   b - Sublimation of Blood           Necromancy                   2
   c - Agony                          Necromancy                   5
   d - Dispel Undead                  Necromancy                   5
   e - Excruciating Wounds            Charms/Necromancy            5
   f - Bolt of Draining               Conjuration/Necromancy       5
Comestibles
 f - 13 bread rations
 o - 3 royal jellies
 t - 5 meat rations
 w - 4 chunks of flesh
 N - 2 slices of pizza
 U - 2 beef jerkies
 Y - 4 fruits


   Skills:
 + Level 8.5(7.5) Fighting
 + Level 14.3(13.2) Axes
   Level 0.4(7.7) Maces & Flails
 * Level 9.0(8.0) Crossbows
 + Level 5.5(4.5) Throwing
 + Level 9.8(8.7) Armour
 + Level 4.4(3.5) Dodging
 + Level 5.3(4.3) Stealth
 + Level 10.8(9.7) Shields
 + Level 3.6(2.8) Evocations


You had 12 spell levels left.
You didn't know any spells.

Dungeon Overview and Level Annotations

Branches:
Dungeon (15/15)            Temple (0/1) D:7            Lair (1/6) D:10
    Orc (2/2) D:11         Depths (0/5) D:15
    Elf: Orc:2       Vaults: D:13-14

Altars:
Cheibriados
Gozag
Hepliaklqana
Okawaru
Vehumet
Xom
Yredelemnul
Beogh

Shops:
D:8 %?   D:12 *


Innate Abilities, Weirdness & Mutations

You are resistant to damage.
You can recharge devices by infusing magical energy.
You passively map the area around you.
You do not regenerate.
Your life essence is reduced. (-10% HP)
You tend to lose your temper in combat.
Scrolls take you longer to read.
Your mind is acute. (Int +2)
You are resistant to hostile enchantments. (MR+)
((You are covered in fur. (AC +1)))
Your spells are a little easier to cast, but a little less powerful.


Message History

The orc warrior no longer looks unusually strong.
The orc no longer looks unusually strong.
You block the hellwing's attack.
The hellwing hits you but does no damage.
The orc priest hits you but does no damage.
The orc sorcerer hits you but does no damage.
Jenbred hits the orc knight with a dagger of draining.
Jenbred drains the orc knight!
The orange demon stings you from afar.
* * * LOW HITPOINT WARNING * * *
The orc warlord roars a battlecry!
The orcs go into a battle-frenzy!
The orc knight hits you but does no damage.
The orc knight hits Jenbred with a dire flail!!
Jenbred is destroyed!
The orc warrior hits you but does no damage.
The orc warrior hits you from afar with a halberd!
* * * LOW HITPOINT WARNING * * *
You block the orc's attack.
The orc warrior hits you with a battleaxe!!
You die...

.................................
................................#
................................#
.........................))......
..............................#.#
............o.4o.........)..#.##
,............oooooo#............#
............ooooo4.............#
.............oo♣oo..........#...
............oo4o4..............
,, ..........§.§.....o...........
, ,..........#.§................
, ........###.#....##...#####.
*#### ############# ##


You could see an orc warlord, 3 orc knights, an orc high priest, 2 orange
demons, a hellwing, a rust devil, an orc sorcerer, 8 orc warriors, 3 orc priests
and 4 orcs.

Vanquished Creatures
  Gastronok (Lair:1)
  An orc warlord (Orc:2)
  The ghost of Philosophy the Cleaver, a journeyman HOFi of Beogh (D:13)
  Harold (D:12)
  Fannar (D:10)
  Erolcha (D:13)
  A centaur warrior (D:13)
  An orc high priest (Orc:1)
  A tengu warrior (D:15)
  2 unseen horrors
  Pikel (D:4)
  An orc knight (Orc:1)
  6 hill giants
  A phantasmal warrior (D:15)
  2 orc sorcerers (Orc:2)
  2 ugly things
  2 manticores
  3 cyclopes
  Maurice (D:10)
  A centaur zombie (D:12)
  A black mamba (shapeshifter) (D:14)
  A fire giant skeleton (D:15)
  A gargoyle (D:12)
  A centaur skeleton (D:11)
  A spiny frog (Lair:1)
  2 kobold demonologists
  A rime drake (Lair:1)
  A tengu conjurer (D:15)
  A two-headed ogre (D:11)
  2 meliai (D:13)
  6 trolls
  A hornet (D:11)
  4 hippogriffs
  2 wyverns (D:10)
  2 yaks
  3 hungry ghosts
  Menkaure (D:6)
  5 wargs
  2 porcupines (Lair:1)
  A meliai simulacrum (D:14)
  4 ice beasts
  2 slaves (D:4)
  4 sky beasts
  22 orc warriors
  3 black bears
  12 ogres
  5 phantoms
  3 necrophages
  3 centaurs
  3 crocodiles (Lair:1)
  A big kobold (D:15)
  Blork the orc (D:4)
  5 bullfrogs
  A gnoll sergeant (D:7)
  A water moccasin zombie (D:9)
  6 scorpions
  A hexer (Orc:2)
  2 wyvern skeletons
  14 killer bees
  8 wights
  3 electric eels (D:10)
  5 howler monkeys
  2 crimson imps
  4 hounds
  4 bullfrog zombies
  13 orc priests
  4 jellies
  21 orc wizards
  A bullfrog skeleton (D:12)
  13 worker ants
  A hound zombie (D:7)
  5 mummies
  7 gnolls
  2 worker ant zombies (D:5)
  13 adders
  A shadow imp (D:8)
  3 oozes
  3 adder zombies (Ossuary)
  An adder skeleton (D:7)
  2 worms (D:2)
  A dart slug (D:1)
  5 leopard geckos
  88 orcs
  4 bats
  8 giant cockroaches
  8 goblins
  4 hobgoblins
  10 jackals
  13 kobolds
  8 quokkas
  2 ball pythons
  5 frilled lizards
  2 goblin zombies (Ossuary)
  A hobgoblin zombie (Ossuary)
  6 kobold zombies
  2 leopard gecko skeletons
  An orc zombie (D:5)
  4 quokka zombies (Ossuary)
  9 rats
  3 rat zombies (Ossuary)
463 creatures vanquished.

Vanquished Creatures (collateral kills)
  Joseph (Lair:1)
  A gargoyle (D:14)
  A troll (D:14)
  A meliai (D:13)
  A hippogriff (D:8)
  A yak (D:12)
  3 wargs (D:10)
  A water moccasin (Lair:1)
  An ice beast (D:8)
  An orc warrior (D:10)
  A sky beast (D:11)
  2 ogres (Orc:1)
  A necrophage (D:12)
  2 centaurs
  A big kobold (D:12)
  A bullfrog (D:10)
  A scorpion (D:8)
  3 killer bees
  2 wights
  3 electric eels (D:10)
  A howler monkey (D:9)
  A crimson imp (D:14)
  A centaur zombie (D:12)
  4 hounds
  A bullfrog skeleton (D:11)
  4 orc priests
  2 jellies
  2 orc wizards
  2 worker ants
  An adder (D:9)
  12 orcs
  2 hobgoblins (D:11)
  A kobold (D:12)
63 creatures vanquished.

Vanquished Creatures (others)
  An orc wizard (Orc:2)
  9 hexers
  3 ancestors
  A bat (D:1)
14 creatures vanquished.

Grand Total: 540 creatures vanquished

Notes
Turn   | Place    | Note
-------+----------+-------------------------------------------
     0 | D:1      | joejoepie the Deep Dwarf Fighter began the quest for the Orb.
     0 | D:1      | Reached XP level 1. HP: 20/20 MP: 1/1
   146 | D:1      | Reached XP level 2. HP: 20/27 MP: 2/2
   432 | D:1      | Reached XP level 3. HP: 23/33 MP: 3/3
   558 | D:2      | Reached skill level 3 in Axes
  1077 | D:2      | Reached XP level 4. HP: 32/42 MP: 4/4
  1307 | D:2      | Found a basalt altar of Yredelemnul.
  1380 | D:2      | Found a radiant altar of Vehumet.
  1470 | D:3      | Found a faded altar of an unknown god.
  1753 | D:3      | Found a hazy altar of Hepliaklqana.
  2033 | D:3      | Found an iron altar of Okawaru.
  2281 | D:3      | Found a snail-covered altar of Cheibriados.
  2292 | D:3      | Found an opulent altar of Gozag.
  2443 | D:4      | Noticed a slave
  2469 | D:4      | Reached skill level 1 in Throwing
  2469 | D:4      | Reached XP level 5. HP: 42/49 MP: 5/5
  2491 | D:4      | Killed a slave
  2507 | D:4      | Noticed a slave
  2508 | D:4      | Noticed Pikel
  2508 | D:4      | Noticed a slave
  2508 | D:4      | Noticed a slave
  2550 | D:4      | Killed a slave
  2597 | D:5      | Entered Level 5 of the Dungeon
  2645 | D:5      | Reached skill level 1 in Dodging
  2720 | D:5      | Reached XP level 6. HP: 36/56 MP: 6/6
  2737 | D:5      | Reached skill level 4 in Axes
  2750 | D:5      | Noticed Blork the orc
  2819 | D:4      | Killed Blork the orc
  2830 | D:5      | Reached skill level 5 in Axes
  2830 | D:5      | Reached XP level 7. HP: 46/62 MP: 7/7
  2893 | D:5      | Reached skill level 5 in Shields
  3010 | D:5      | Reached skill level 6 in Axes
  3096 | D:5      | Found a sand-covered staircase.
  3109 | Ossuary  | Entered an ossuary
  3124 | Ossuary  | Reached XP level 8. HP: 22/72 MP: 7/7
  3384 | D:5      | Reached skill level 1 in Stealth
  3419 | D:5      | Reached skill level 7 in Axes
  3658 | D:5      | Reached skill level 5 in Armour
  3979 | D:4      | Killed Pikel
  3979 | D:4      | Reached skill level 8 in Axes
  4038 | D:3      | Became a worshipper of Hepliaklqana the Forgotten
  4126 | D:6      | Noticed Menkaure
  4164 | D:6      | Killed Menkaure
  4164 | D:6      | Gained mutation: You passively map the area around you. [Deep Dwarf growth]
  4164 | D:6      | Reached XP level 9. HP: 39/71 MP: 7/7
  4480 | D:6      | Reached skill level 1 in Evocations
  4826 | D:7      | Reached skill level 9 in Axes
  4965 | D:7      | Reached * piety under Hepliaklqana
  5118 | D:7      | Reached skill level 5 in Fighting
  5222 | D:7      | Reached skill level 5 in Throwing
  5332 | D:7      | Found a staircase to the Ecumenical Temple.
  5866 | D:8      | Found Gubu's Magic Scroll Shop.
  5919 | D:8      | Got a crude helmet
  5930 | D:8      | Identified the +2 helmet "Azxun" {-Tele *Slow rElec MR+++} (You found it on level 8 of the Dungeon)
  5942 | D:8      | Found Uppotaw's Food Shoppe.
  6086 | D:8      | Reached skill level 10 in Axes
  6086 | D:8      | Reached XP level 10. HP: 67/79 MP: 9/9
  6404 | D:9      | Reached skill level 1 in Crossbows
  6611 | D:9      | You fall through a shaft!
  6611 | D:10     | Entered Level 10 of the Dungeon
  6832 | D:10     | Identified a scroll of acquirement
  7239 | D:9      | Reached ** piety under Hepliaklqana
  7240 | D:9      | Remembered your ancestor Jenbred as a hexer
  7318 | D:10     | Noticed Maurice
  7325 | D:10     | Killed Maurice
  7360 | D:10     | Reached skill level 11 in Axes
  7382 | D:10     | Found a staircase to the Lair.
  7627 | D:10     | Reached XP level 11. HP: 53/87 MP: 5/10
  7738 | D:10     | Noticed a hill giant
  7753 | D:10     | Killed a hill giant
  7878 | D:10     | Gained mutation: Scrolls take you a little longer to read. [potion of mutation]
  7878 | D:10     | Gained mutation: You are covered in fur. (AC +1) [potion of mutation]
  7878 | D:10     | Gained mutation: Your spells are a little easier to cast, but a little less powerful. [potion of mutation]
  7969 | D:10     | Noticed Fannar
  7986 | D:10     | Killed Fannar
  7996 | D:10     | Got a pair of slimy gloves
  8007 | D:10     | Identified the +0 pair of gloves of the Good {SInv} (You found it on level 10 of the Dungeon)
  8383 | D:11     | Found a staircase to the Orcish Mines.
  8441 | Orc:1    | Entered Level 1 of the Orcish Mines
  8474 | Orc:1    | Found a roughly hewn altar of Beogh.
  8474 | Orc:1    | Noticed an orc high priest
  8479 | Orc:1    | Reached skill level 5 in Crossbows
  8483 | Orc:1    | Noticed a soul eater
  8498 | Orc:1    | Killed an orc high priest
  8727 | Orc:1    | Noticed an orc knight
  8846 | D:11     | Reached skill level 12 in Axes
  8928 | D:11     | Noticed a hill giant
  8937 | D:11     | Killed a hill giant
  9356 | D:11     | Paralysed by a hornet for 1 turns
  9536 | D:11     | Gained mutation: Scrolls take you longer to read. [mutagenic meat]
  9537 | D:11     | Gained mutation: You tend to lose your temper in combat. [mutagenic meat]
  9538 | D:11     | Gained mutation: You are resistant to hostile enchantments. (MR+) [mutagenic meat]
  9540 | D:11     | Gained mutation: Your mind is acute. (Int +2) [mutagenic meat]
  9841 | D:12     | Noticed a hill giant
  9862 | D:12     | Killed a hill giant
  9862 | D:12     | Reached XP level 12. HP: 91/95 MP: 7/7
  9898 | D:12     | Reached *** piety under Hepliaklqana
  9913 | D:12     | Found Buapuec's Assorted Antiques.
  9916 | D:12     | Bought a silver wand for 108 gold pieces
  9916 | D:12     | Bought a scroll of recharging for 256 gold pieces
  9916 | D:12     | Bought a scroll labeled ASUSAO ZOOCK for 27 gold pieces
 10132 | D:12     | Noticed Harold
 10247 | D:12     | Killed Harold
 10247 | D:12     | Reached skill level 13 in Axes
 10709 | D:13     | Noticed Erolcha
 10722 | D:13     | Killed Erolcha
 11332 | D:13     | Noticed Philosophy's ghost (journeyman HOFi)
 11371 | D:13     | Killed Philosophy's ghost
 11371 | D:13     | Reached skill level 10 in Shields
 11479 | D:13     | Reached skill level 5 in Stealth
 11719 | D:13     | Noticed a centaur warrior
 11728 | D:13     | Killed a centaur warrior
 11886 | D:14     | Found a shimmering altar of Xom.
 11957 | D:14     | Noticed a rakshasa
 12000 | D:15     | Entered Level 15 of the Dungeon
 12000 | D:15     | Noticed a tengu warrior
 12060 | D:15     | Reached XP level 13. HP: 24/105 MP: 8/8
 12136 | D:15     | Found a staircase to the Depths.
 12371 | Lair:1   | Entered Level 1 of the Lair of Beasts
 12371 | Lair:1   | Noticed Joseph
 12384 | Lair:1   | Killed Joseph
 12411 | Lair:1   | Noticed Gastronok
 12437 | Lair:1   | Killed Gastronok
 12437 | Lair:1   | Reached skill level 14 in Axes
 12450 | Lair:1   | Reached **** piety under Hepliaklqana
 13777 | Orc:2    | Entered Level 2 of the Orcish Mines
 13824 | Orc:2    | Noticed an orc warlord
 13881 | Orc:2    | Killed an orc warlord
 13996 | Orc:2    | Reached ***** piety under Hepliaklqana
 14082 | Orc:2    | Noticed an orc warlord
 14163 | Orc:2    | Slain by an orc warrior

Skill      XL: |  1  2  3  4  5  6  7  8  9 10 11 12 13 |
---------------+----------------------------------------+-----
Axes           | 3 5 6 8 10 11 12 13 14 | 14.3
Fighting       | 3 4 5 6 7 8 |  8.5
Shields        | 4 5 6 8 9 10 | 10.8
Armour         | 4 5 6 7 8 9 |  9.8
Throwing       | 1 2 4 5 |  5.5
Dodging        | 1 2 3 4 |  4.4
Stealth        | 1 2 3 5 |  5.3
Evocations     | 1 2 3 |  3.6
Crossbows      | 4 6 7 9 |  9.0
Maces & Flails | |  0.4

Action                   |  1- 3 |  4- 6 |  7- 9 | 10-12 | 13-15 || total
-------------------------+-------+-------+-------+-------+-------++-------
Melee: War axe           |    89 |   209 |   519 |  1068 |   247 ||  2132
       Whip              |    79 |    61 |       |       |       ||   140
 Fire: Hand crossbow     |       |       |       |     4 |       ||     4
       Blowgun           |       |       |       |       |     5 ||     5
Invok: Ancestor Identity |       |       |     1 |       |       ||     1
       Recall Ancestor   |       |       |       |     1 |       ||     1
       Ancestor Life: He |       |       |       |     1 |       ||     1
 Abil: Device Recharging |       |       |     2 |     5 |     8 ||    15
Evoke: Wand              |     1 |     5 |    11 |    34 |    31 ||    82
  Use: Scroll            |     6 |     3 |     6 |     9 |     5 ||    29
       Potion            |     1 |     1 |     6 |    11 |    12 ||    31
 Stab: Invisible         |       |       |     5 |       |       ||     5
       Distracted        |       |       |     1 |    18 |     2 ||    21
       Confused          |       |       |       |     5 |     4 ||     9
  Eat: Chunk             |     1 |     6 |     5 |    21 |     6 ||    39
       Bread ration      |       |       |     1 |       |       ||     1
       Beef jerky        |       |       |     2 |     3 |     1 ||     6
       Royal jelly       |       |       |       |     2 |       ||     2
Armor: Scale mail        |    87 |    55 |       |       |       ||   142
       Chain mail        |       |   109 |   154 |   451 |   108 ||   822
       Plate armour      |       |       |    59 |       |       ||    59
       Skin              |       |       |       |       |    41 ||    41
Dodge: Dodged            |    55 |    59 |   111 |   267 |    73 ||   565
Block: Shield            |    97 |   141 |   246 |   628 |   209 ||  1321
